Map: Prion Terraces

Players

ARO - Winner!

  • Race: Terran Terran

Coconut

  • Race: Protoss Protoss
  • League: Bronze

VOD

Have the link to the VOD?

Description

Time

  • Played on: May 14, 2016, 4:02 a.m.
  • Length: 13:21
Show
View Real Time Build Order
Export as new Build Order

ARO Terran - Winner!

Build Orders: MMM Bio 

Get SALT Encoding   

  12  0:01  SCV  
  13  0:13  SCV  
  14  0:20  Supply Depot  
  14  0:28  SCV, Refinery  
  15  0:41  SCV  
  16  0:48  Barracks  
  16  0:54  SCV  
  17  1:04  Barracks  
  17  1:15  Supply Depot  
  17  1:18  SCV  
  18  1:30  SCV  
  19  1:39  Factory  
  19  1:42  SCV  
  20  1:50  Barracks Reactor  
  20  2:00  Orbital Command  
  20  2:08  Barracks Tech Lab, Refinery  
  20  2:16  Supply Depot  
  20  2:37  Starport  
  20  2:49  Factory Tech Lab  
  20  2:52  Marine x2  
  22  3:10  Marine x2, Stimpack  
  24  3:28  Marine x2  
  24  3:31  Marauder  
  28  3:45  Factory Tech Lab  
  28  3:46  Marine x2  
  30  3:53  Marauder  
  32  4:00  Medivac  
  34  4:03  Marine x2  
  36  4:12  SCV  
  36  4:14  Marauder  
  39  4:18  Cloaking Field  
  39  4:40  Supply Depot  
  39  4:44  Supply Depot  
  39  5:01  Marine x2, SCV  
  39  5:02  Marauder  
  39  5:06  Supply Depot  
  44  5:12  Supply Depot  
  44  5:19  Marine x2  
  46  5:23  Marauder  
  46  5:24  Combat Shields  
  48  5:30  Engineering Bay  
  48  5:31  Medivac  
  50  5:37  Marine x2  
  50  5:39  Engineering Bay  
  52  5:44  Marauder  
  54  5:54  Marine x2  
  56  6:01  Terran Infantry Weapons Level 1, Medivac  
  58  6:06  Terran Infantry Armor Level 1  
  58  6:13  Marauder  
  58  6:15  Marine x2  
  62  6:31  Medivac  
  64  6:33  Marine x2  
  64  6:35  Marauder  
  68  6:56  Marauder  
  68  6:57  Marine  
  71  7:15  Supply Depot  
  71  7:28  Concussive Shells  
  71  7:37  Marine x2, Marauder, Banshee  
  71  7:39  Supply Depot  
  78  7:55  Marine  
  79  8:00  Marine  
  79  8:01  Marauder  
  82  8:06  Armory  
  82  8:12  Marine  
  82  8:18  Marine  
  84  8:20  Banshee  
  87  8:29  Command Center  
  87  8:55  Terran Infantry Armor Level 2  
  87  9:17  Supply Depot  
  87  9:19  Supply Depot  
  87  9:29  Supply Depot  
  87  9:39  Marine x3, Medivac  
  92  9:56  Marine x3  
  95  10:09  Raven  
  97  10:14  Marine x2  
  97  10:15  Marauder  
  97  10:17  Terran Infantry Weapons Level 2  
  101  10:32  Marine x2  
  101  10:33  Barracks  
  104  10:35  SCV  
  104  10:36  Marauder  
  106  10:47  SCV  
  107  10:52  Medivac  
  107  10:53  Refinery  
  109  10:58  Marauder  
  109  11:02  Planetary Fortress  
  109  11:03  Refinery  
  111  11:07  Marine x2  
  113  11:20  Barracks Reactor  
  113  11:22  Barracks  
  113  11:30  Barracks  
  113  11:41  Barracks  
  113  11:50  Marine x3  
  116  12:08  Marine x3  
  117  12:09  Marine x2  
  121  12:18  Barracks Reactor  
  121  12:20  Barracks Reactor  
  121  12:26  Medivac  
  108  12:57  Marauder  
Show
View Real Time Build Order
Export as new Build Order

Coconut Protoss 

Build Orders: 1 Gate Expand 

Get SALT Encoding   

  12  0:02  Probe (Chrono Boost)  
  13  0:12  Probe (Chrono Boost)  
  14  0:20  Pylon  
  14  0:24  Probe (Chrono Boost)  
  15  0:38  Probe (Chrono Boost)  
  16  0:48  Probe (Chrono Boost), Gateway  
  17  0:59  Probe (Chrono Boost)  
  18  1:15  Probe (Chrono Boost)  
  19  1:20  Nexus  
  19  1:28  Probe (Chrono Boost)  
  20  1:36  Zealot  
  20  1:38  Probe (Chrono Boost)  
  23  1:42  Cybernetics Core  
  23  1:46  Pylon  
  23  2:17  Probe (Chrono Boost)  
  24  2:24  Assimilator  
  24  2:27  Probe (Chrono Boost)  
  24  2:29  Assimilator  
  25  2:45  Probe (Chrono Boost)  
  26  2:53  Probe (Chrono Boost)  
  26  2:56  Probe (Chrono Boost)  
  28  3:04  Probe (Chrono Boost)  
  29  3:10  Probe (Chrono Boost)  
  30  3:14  Probe (Chrono Boost)  
  30  3:15  Adept  
  33  3:21  Probe (Chrono Boost)  
  33  3:25  Probe (Chrono Boost)  
  35  3:29  Assimilator  
  35  3:31  Assimilator  
  36  3:35  Mothership Core (Chrono Boost)  
  36  3:38  Probe (Chrono Boost)  
  38  3:43  Warp Gate  
  38  3:47  Adept  
  41  3:48  Probe (Chrono Boost)  
  41  3:54  Probe (Chrono Boost)  
  42  3:59  Probe (Chrono Boost)  
  43  4:04  Probe (Chrono Boost)  
  43  4:09  Probe (Chrono Boost)  
  45  4:15  Probe (Chrono Boost)  
  46  4:19  Robotics Facility  
  46  4:21  Robotics Facility  
  46  4:39  Pylon  
  46  4:47  Pylon  
  46  4:51  Pylon  
  46  4:58  Probe x2 (Chrono Boost)  
  48  5:02  Adept  
  50  5:08  Probe x2 (Chrono Boost)  
  52  5:14  Pylon  
  52  5:16  Pylon  
  52  5:17  Pylon  
  52  5:21  Probe x2 (Chrono Boost)  
  54  5:31  Probe x2 (Chrono Boost)  
  56  5:41  Nexus  
  56  6:01  Gateway  
  56  6:03  Gateway  
  56  6:04  Observer  
  56  6:05  Immortal  
  56  6:06  Gateway  
  56  6:09  Stalker  
  63  6:25  Assimilator  
  63  6:26  Immortal  
  63  6:30  Assimilator  
  67  6:34  Pylon, Probe x2 (Chrono Boost)  
  69  6:44  Immortal, Probe x2 (Chrono Boost)  
  75  6:49  Stalker  
  77  7:05  Immortal  
  81  7:14  Gateway  
  81  7:15  Gateway  
  81  7:17  Gateway  
  81  7:20  Gateway  
  81  7:23  Immortal  
  85  7:43  Probe x3 (Chrono Boost)  
  92  7:44  Immortal  
  92  7:57  Stalker x4  
  100  8:03  Immortal  
  104  8:23  Immortal  
  108  8:47  Pylon x2  
  108  8:48  Pylon  
  108  8:49  Pylon  
  108  8:51  Probe (Chrono Boost)  
  108  8:52  Pylon x2  
  108  8:54  Pylon  
  109  9:05  Probe x2 (Chrono Boost), Immortal x2  
  119  9:21  Stalker x4  
  119  9:22  Stalker x4  
  135  9:43  Robotics Bay  
  135  9:44  Immortal x2  
  143  9:48  Adept  
  143  9:49  Adept x5  
  143  9:50  Adept x2  
  159  10:23  Warp Prism  
  159  10:28  Pylon  
  161  10:32  Pylon  
  161  10:34  Pylon  
  161  10:36  Pylon x2  
  161  10:44  Pylon  
  161  10:49  Sentry x3  
  167  10:51  Stalker x4  
  167  10:52  Stalker  
  85  12:56  Stalker x4  
  85  12:57  Stalker x3  
  85  12:58  Stalker  
Tags
 
Composition
MMM Bio
League
Bronze
Matchup
PvT
Add a new tag
Caveats
  • Supply blocks, unpowered buildings, or Contaminate may cause inaccurate times.
  • Supply counts are checked every 10 seconds.